 Dungeon Crawl Stone Soup version 0.14-a0-1192-g192f278 (webtiles) character file.

207 Jenx the Cudgeler (level 4, -7/42 HPs)
             Began as a Gargoyle Fighter on Dec 1, 2013.
             Killed from afar by an orc wizard (12 damage)
             ... with a puff of flame
             ... on Level 3 of the Dungeon.
             The game lasted 00:06:11 (1278 turns).

Jenx the Cudgeler (Gargoyle Fighter)                Turns: 1278, Time: 00:06:11

HP  -7/42        AC 22     Str 21      XL: 4   Next: 92%
MP   3/3         EV  1     Int  8      God:
Gold 96          SH 15     Dex  9      Spells:  0 memorised,  3 levels left

rFire  . . .     SeeInvis .     a - +0 mace
rCold  . . .     Clarity  .     p - melded +1 dwarf chain mail
rNeg   + + +     Conserve .     c - +0 shield
rPois  +         rCorr    .     (no helmet)
rElec  .         rRot     +     (cloak currently unavailable)
SustAb . .       Spirit   .     h - melded +0 pair of gauntlets
rMut   .         Warding  .     (boots currently unavailable)
Saprov . . .     NoTele   +     (no amulet)
                                (no ring)
                                (no ring)

@: tree-form, slightly resistant to hostile enchantments, very unstealthy
A: life protection 1, (electricity resistance), (unbreathing), petrification
resistance, AC +3
a: no special abilities


You were on level 3 of the Dungeon.
You were not hungry.
You were an animated tree.
You visited 1 branch of the dungeon, and saw 3 of its levels.

You collected 96 gold pieces.

Inventory:

Hand weapons
 a - a +0,+0 mace (weapon)
Missiles
 e - 10 darts (quivered)
Armour
 c - a +0 shield (worn)
 h - a +0 pair of gauntlets (melded)
 p - a +1 dwarven chain mail (melded)
Comestibles
 d - 4 bread rations
 i - an apple
 j - a chunk of goblin flesh
 o - 2 pears
 q - a rotting chunk of ball python flesh
 v - a rotting chunk of giant newt flesh
 z - 4 chunks of orc flesh
Scrolls
 b - a scroll of enchant armour {unknown}
 k - a scroll of enchant weapon II {unknown}
 l - a scroll of remove curse {unknown}
 n - a scroll of fear {unknown}
 w - a scroll of recharging {unknown}
 y - 2 scrolls of identify {unknown}
Jewellery
 m - an uncursed amulet of rage {unknown}
Potions
 g - a potion of cure mutation {unknown}
 r - a potion of invisibility {unknown}
 s - a potion of magic {unknown}
 t - a potion of flight {unknown}
 u - a potion of brilliance {unknown}
 x - a potion of curing {unknown}


   Skills:
 - Level 3.2 Fighting
 * Level 5.4 Maces & Flails
 - Level 3.2 Armour
 - Level 3.2 Shields


You had 3 spell levels left.
You didn't know any spells.

Dungeon Overview and Level Annotations

Branches:
Dungeon (3/16)

Altars:
Cheibriados

Portals:
Sewer: D:3


Innate Abilities, Weirdness & Mutations

You are resistant to torment.
You are immune to poison.
((Your stone body is very resilient (AC +3).))*
You resist negative energy.
((You are resistant to electric shocks.))*
((You can survive without breathing.))*
You are immune to petrification.


Message History

The orc hits you but does no damage.
The quokka bites you but does no damage.
The orc wizard completely misses you. You block the giant centipede's attack.
You block the giant centipede's attack.
It'd take too long for a potion to reach your roots.
You hit the orc wizard.
The orc wizard is severely wounded.
The orc barely misses you.
The orc wizard gestures at you while chanting.
The puff of flame hits you!
* * * LOW HITPOINT WARNING * * *
The giant centipede stings you but does no damage.
The quokka bites you but does no damage.
The giant centipede completely misses you.
The worm bites you but does no damage.
You closely miss the orc wizard.
The orc wizard is severely wounded.
The orc wizard gestures at you while chanting.
The puff of flame hits you!
You die...

... ........ ...##### .
...#≈≈≈≈≈ ...#
####.s'≈≈∩≈≈#
#..#.##....s#s≈≈≈≈#
#..#.##....s#######
##..#.##...sow.......
(....##..os♣o#
..).......r###
#####..........######
#[...(.................
#.###..####.#$........
#.# #..# #.#..#######
#.# #..####.#..# #.#
#..##......# #.#
#..##...[.(###


You could see an orc warrior, a worm, an orc wizard, 3 giant centipedes, an orc,
a quokka and 3 giant cockroaches.

Vanquished Creatures
  An orc priest (D:3)
  3 adders (D:2)
  A worm (D:2)
  A giant gecko (D:1)
  4 orcs (D:3)
  2 ball pythons
  3 giant cockroaches
  2 hobgoblins
  3 bats
  4 giant newts
  6 goblins
  7 jackals
  5 kobolds
  5 rats
47 creatures vanquished.

Notes
Turn   | Place    | Note
--------------------------------------------------------------
     0 | D:1      | Jenx, the Gargoyle Fighter, began the quest for the Orb.
     0 | D:1      | Reached XP level 1. HP: 14/14 MP: 0/0
   108 | D:1      | Reached XP level 2. HP: 19/19 MP: 1/1
   617 | D:2      | Reached XP level 3. HP: 21/24 MP: 2/2
   619 | D:2      | Reached skill level 4 in Maces & Flails
   688 | D:2      | Found a snail-covered altar of Cheibriados.
   724 | D:2      | Reached XP level 4. HP: 16/28 MP: 3/3
  1222 | D:3      | Reached skill level 5 in Maces & Flails
  1264 | D:3      | Found a glowing drain.
  1276 | D:3      | Noticed an orc warrior
  1278 | D:3      | Killed from afar by an orc wizard

Action                   |  1- 3 |  4- 6 || total
-------------------------+-------+-------++-------
Melee: Mace              |   131 |    51 ||   182
Throw: Dart              |     4 |       ||     4
  Use: Potion            |       |     1 ||     1
